 Dungeon Crawl Stone Soup version 0.23.2-33-g5129a83184 (webtiles) character file.

Game seed: 9393706318850728583

245 Felnil the Skirmisher (level 5, -1/47 HPs)
             Began as a Mummy Fighter on Aug 11, 2019.
             Killed by divine providence
             ... invoked by an orc priest
              (13 damage)
             ... on level 3 of the Dungeon.
             The game lasted 00:06:15 (1791 turns).

Felnil the Skirmisher (Mummy Fighter)               Turns: 1791, Time: 00:06:16

Health: -1/47      AC: 10    Str: 21    XL:     5   Next: 84%
Magic:  5/5        EV:  7    Int:  7    God:
Gold:   109        SH:  9    Dex: 11    Spells: 4/4 levels left

rFire    x . .     SeeInvis .   a - +0 rapier
rCold    + . .     Gourm    .   c - +0 shield
rNeg     + + +     Faith    .   b - +0 scale mail
rPois    ∞         Spirit   .   (no helmet)
rElec    .         Reflect  .   (no cloak)
rCorr    .         Harm     .   (no gloves)
MR       .....                  (no boots)
Stlth    ..........             (no amulet)
HPRegen  0.15/turn              g - +4 ring of protection
MPRegen  0.09/turn              (no ring)

@: no status effects
A: no food or potions, fire vulnerability, cold resistance 1, negative energy
resistance 3, torment resistance, unbreathing
a: no special abilities


You were on level 3 of the Dungeon.
You were not hungry.

You visited 1 branch of the dungeon, and saw 3 of its levels.

You collected 109 gold pieces.

Inventory:

Hand Weapons
 a - a +0 rapier (weapon)
Missiles
 i - 3 tomahawks (quivered)
Armour
 b - a +0 scale mail (worn)
 c - a +0 shield (worn)
Jewellery
 g - a +4 ring of protection (left hand)
Scrolls
 d - 2 scrolls of enchant weapon {unknown}
 e - a scroll of teleportation {unknown}
 f - 2 scrolls of magic mapping {unknown}
 h - 5 scrolls of identify {unknown}
 j - a scroll of blinking {unknown}


   Skills:
 + Level 6.6 Fighting
 - Level 1.5 Short Blades
 - Level 2.4 Armour
 - Level 2.4 Shields


You had 4 spell levels left.
You didn't know any spells.
Your spell library was empty.

Dungeon Overview and Level Annotations

Branches:
Dungeon (3/15)

Altars:
Nemelex Xobeh
Qazlal


Innate Abilities, Weirdness & Mutations

You do not eat or drink.
Your flesh is vulnerable to fire.
You are immune to poison.
Your flesh is cold resistant. (rC+)
You are immune to negative energy. (rN+++)
You are immune to unholy pain and torment.
You can survive without breathing.


Message History

You hit the orc but do no damage. The orc hits you with a +0 war axe.
You closely miss the orc. The orc hits you with a +0 war axe.
You are too injured to fight recklessly!
You are too injured to fight recklessly!
You are too injured to fight recklessly!
You barely miss the orc. The orc barely misses you.
The orc priest invokes the aid of Beogh against you.
Beogh smites you!
You puncture the orc!
You kill the orc!
You hit the orc priest.
The orc priest is lightly wounded.
The orc priest looks satisfied for a moment.
The orc priest hits you with a +0 flail.
* * * LOW HITPOINT WARNING * * *
You closely miss the orc priest.
The orc priest is lightly wounded.
The orc priest calls down the wrath of Beogh upon you.
Beogh smites you!
You die...

. . #....... #
#..(... . #......
# # ..... #.###.
.# ..o. ##.#<..#.#
.g# #........ #o#
...#..... #####@#
#.......# ##.....#
........###...####
.....##.......#
#####....(....#
#.....######.##
..##### #.# .##
#.# ## #.#


You could see 2 orc priests and a hobgoblin.

Vanquished Creatures
  A necrophage (D:2)
  An orc wizard (D:3)
  4 adders (D:2)
  2 oozes (D:1)
  2 worms (D:3)
  3 dart slugs
  A leopard gecko (D:2)
  7 orcs
  2 giant cockroaches (D:1)
  7 goblins
  5 hobgoblins
  4 jackals
  A ball python (D:1)
  9 bats
  3 frilled lizards
  8 kobolds
  10 rats
70 creatures vanquished.

Vanquished Creatures (others)
  A rat (D:3)
1 creature vanquished.

Grand Total: 71 creatures vanquished

Notes
Turn   | Place    | Note
-------+----------+-------------------------------------------
     0 | D:1      | Felnil the Mummy Fighter began the quest for the Orb.
     0 | D:1      | Reached XP level 1. HP: 18/18 MP: 1/1
    75 | D:1      | Reached XP level 2. HP: 24/25 MP: 2/2
   195 | D:1      | Reached skill level 4 in Fighting
   562 | D:2      | Reached XP level 3. HP: 30/30 MP: 3/3
   721 | D:2      | Noticed a necrophage
   735 | D:2      | Killed a necrophage
   735 | D:2      | Reached skill level 5 in Fighting
   735 | D:2      | Reached XP level 4. HP: 15/40 MP: 4/4
   735 | D:2      | Reached XP level 5. HP: 18/46 MP: 5/5
  1035 | D:2      | Reached skill level 6 in Fighting
  1268 | D:3      | Found a stormy altar of Qazlal.
  1714 | D:3      | Found a sparkling altar of Nemelex Xobeh.
  1791 | D:3      | Killed from afar by an orc priest

Skill      XL: |  1  2  3  4  5 |
---------------+----------------+-----
Fighting       | 4 5 6 |  6.6
Short Blades   | |  1.5
Armour         | |  2.4
Shields        | |  2.4

Action                   |  1- 3 |  4- 6 || total
-------------------------+-------+-------++-------
Melee: Rapier            |   117 |   136 ||   253
Armor: Scale mail        |    45 |    67 ||   112
Dodge: Dodged            |    37 |    39 ||    76
Block: Shield            |    64 |    70 ||   134
